 Dungeon Crawl Stone Soup version 0.25.0-11-g1f837a76a1 (webtiles) character file.

Game seed: 1403274298000513201

392 Descartes the Ruffian (level 6, -13/59 HPs)
             Began as a Troll Fighter on June 27, 2020.
             Mangled by Pikel
             ... wielding a +2 whip of electrocution
              (19 damage)
             ... on level 3 of the Dungeon.
             The game lasted 00:05:47 (2572 turns).

Descartes the Ruffian (Troll Fighter)               Turns: 2572, Time: 00:05:47

Health: -13/59     AC:  6    Str: 25    XL:     6   Next: 51%
Magic:  5/5        EV:  9    Int:  4    God:
Gold:   131        SH: 11    Dex: 11    Spells: 5/5 levels left

rFire    . . .     SeeInvis +     - Unarmed
rCold    . . .     Gourm    +   k - +2 kite shield
rNeg     . . .     Faith    .   a - +0 robe
rPois    .         Spirit   .   (helmet restricted)
rElec    .         Reflect  .   (no cloak)
rCorr    .         Harm     .   (gloves unavailable)
MR       .....                  (boots unavailable)
Stlth    +.........             (no amulet)
HPRegen  0.59/turn              j - ring of see invisible
MPRegen  0.09/turn              (no ring)

@: no status effects
A: large, unfitting armour, claws 3, fast metabolism 3, gourmand, regeneration
1, shaggy fur 1, tough skin 3
a: no special abilities


You were on level 3 of the Dungeon.
You were full.

You visited 1 branch of the dungeon, and saw 5 of its levels.

You collected 131 gold pieces.

Inventory:

Hand Weapons
 b - a +0 giant spiked club
Missiles
 h - 117 stones (quivered)
Armour
 a - a +0 robe (worn)
 k - a +2 kite shield (worn)
Jewellery
 j - a ring of see invisible (left claw)
 m - a +4 ring of protection {unknown}
Scrolls
 e - 3 scrolls of identify {unknown}
 f - 7 scrolls of remove curse {unknown}
 g - a scroll of enchant weapon {unknown}
 i - 2 scrolls of noise {unknown}
Potions
 c - a potion of might
 l - a potion of brilliance {unknown}
 n - a potion of heal wounds {unknown}
Comestibles
 d - 5 rations


   Skills:
 - Level 2.4 Fighting
 - Level 2.4 Dodging
 + Level 4.6 Shields
 + Level 5.1 Unarmed Combat


You had 5 spell levels left.
You didn't know any spells.
Your spell library was empty.

Dungeon Overview and Level Annotations

Branches:
Dungeon (5/15)
 Temple: D:4-7

Altars:

Annotations:
D:3 Pikel


Innate Abilities, Weirdness & Mutations

You are too large for most types of armour.
You have claws for hands.
Your metabolism is lightning-fast.
You like to eat raw meat.
Your natural rate of healing is unusually fast.
You are covered in fur. (AC +1)
You have extremely tough skin. (AC +3)


Message History

Pikel is severely wounded.
You block Pikel's attack.
You barely miss Pikel.
Pikel is severely wounded.
Pikel hits you with a +2 whip of electrocution.
You scratch Pikel.
Pikel is almost dead.
Pikel hits you with a +2 whip of electrocution!
* * * LOW HITPOINT WARNING * * *
You are electrocuted!
* * * LOW HITPOINT WARNING * * *
You closely miss Pikel.
Pikel is almost dead.
You block Pikel's attack.
You scratch Pikel.
Pikel is almost dead.
Pikel hits you with a +2 whip of electrocution.
* * * LOW HITPOINT WARNING * * *
You are electrocuted!!
You die...

# #..........# ##........... #
#.)........### ##.......... #
#............# ###.####.## #
#..........#.# #######>####.# #
##..########.# ##............# #
#..## #<###.............## ###.##
#.##...............# .K).#
#.................). #####
###@................ .#
#K..............). .###
###................ ...##
#.[..............#. ....#
####>.##...........##. #...######
#....##....##..##...#.
##.......###.##.##....###.##...#.
###............##.....##......#.
##########..####..#.........##


You could see Pikel.

Vanquished Creatures
  3 slaves
  An ogre (D:3)
  A scorpion (D:4)
  A hound (D:4)
  A centaur skeleton (D:4)
  An orc wizard (D:4)
  4 gnolls
  6 adders
  3 worms (D:2)
  2 dart slugs
  A leopard gecko (D:1)
  4 orcs
  4 bats
  A giant cockroach (D:2)
  10 goblins
  8 hobgoblins
  2 jackals (D:1)
  2 quokkas
  A frilled lizard (D:2)
  8 kobolds
  7 rats
71 creatures vanquished.

Notes
Turn   | Place    | Note
-------+----------+-------------------------------------------
     0 | D:1      | Descartes the Troll Fighter began the quest for the Orb.
     0 | D:1      | Reached XP level 1. HP: 22/22 MP: 0/0
   156 | D:1      | Reached XP level 2. HP: 28/29 MP: 1/1
  1023 | D:1      | Reached XP level 3. HP: 30/36 MP: 2/2
  1112 | D:2      | Reached skill level 3 in Unarmed Combat
  1262 | D:2      | Reached XP level 4. HP: 36/44 MP: 3/3
  1699 | D:3      | Noticed an ogre
  1708 | D:3      | Killed an ogre
  1708 | D:3      | Reached skill level 4 in Unarmed Combat
  1708 | D:3      | Reached XP level 5. HP: 16/50 MP: 4/4
  1899 | D:3      | You fall into a shaft and drop 2 floors!
  1899 | D:5      | Entered Level 5 of the Dungeon
  1919 | D:4      | Reached XP level 6. HP: 43/59 MP: 5/5
  1931 | D:4      | Reached skill level 5 in Unarmed Combat
  2081 | D:4      | Noticed a slave
  2084 | D:4      | Noticed a slave
  2084 | D:4      | Noticed Pikel
  2085 | D:4      | Noticed a slave
  2088 | D:4      | Noticed a slave
  2092 | D:4      | Killed a slave
  2454 | D:4      | Killed a slave
  2459 | D:3      | Killed a slave
  2572 | D:3      | Mangled by Pikel

Illustrated notes

Levels and vault maps discovered:
D:1:      lightli_arrival_statuegarden, layout_basic
D:2:      layout_basic
D:3:      layout_rooms
D:4:      layout_rooms, first_ration, minivault_25, uniq_pikel
D:5:      lemuel_upstairs_altar, layout_layer_cave, ebering_ghost_sewer_f

Skill      XL: |  1  2  3  4  5  6 |
---------------+-------------------+-----
Shields        | 3 4 |  4.6
Unarmed Combat | 3 4 5 |  5.1
Fighting       | |  2.4
Dodging        | |  2.4

Action                   |  1- 3 |  4- 6 || total
-------------------------+-------+-------++-------
Melee: Unarmed           |    79 |   140 ||   219
 Stab: Distracted        |       |     1 ||     1
  Eat: Chunk             |     5 |    18 ||    23
       Ration            |     1 |       ||     1
Armor: Robe              |    17 |    16 ||    33
Dodge: Dodged            |    25 |    27 ||    52
Block: Kite shield       |    36 |    70 ||   106
